AoeStats
← AOKI_Shogi

Oasis

509735603Analyzed
4v4 RM · 5d ago on Sep 27, 2026· 56m 19s· 8 players
Game mode
Random Map
Map size
Large (8 player)
Population
200
Speed
Normal
Resources
Standard
Victory
Conquest
Starting age
Dark Age
Ending age
Imperial Age
RankedLock teamsTeams togetherTeam positionsShared explorationLock speedFull tech treeHidden civsTurbo modeCheats
Victory
Defeat
🇩🇪 Spanish · Germany
1421
+16
🇪🇨 Persians · Ecuador
1376
+18
🇨🇱 Magyars · Chile
1375
+18
🇲🇽 Georgians · Mexico
1369
+18
🇫🇷 Franks · France
1494
-21
🇫🇷 Khmer · France
1426
-18
🇫🇷 Britons · France
1414
-17
🇫🇷 Japanese · France
1340
-14
.|.
1:51 Loom
9:08 Feudal Age
10:28 Double-Bit Axe
11:38 Town Watch
12:33 Wheelbarrow
15:39 Forging
21:39 Castle Age
21:29 Bloodlines
23:48 Scale Barding Armor
23:59 Horse Collar
25:07 Bow Saw
25:41 Chain Barding Armor
25:58 Husbandry
39:07 Imperial Age
36:46 Guard Tower
36:37 Treadmill Crane
36:53 Murder Holes
37:22 Ballistics
37:19 Heavy Plow
37:35 Hand Cart
37:07 Town Watch
37:54 Gold Mining
37:55 Stone Mining
38:05 Fletching
39:21 Stone Shaft Mining
38:53 Bodkin Arrow
39:34 Iron Casting
39:43 Svan Towers
40:56 Chemistry
40:37 Keep
40:33 Arrowslits
41:37 Conscription
40:51 Light Cavalry
41:53 Masonry
42:02 Bracer
43:12 Blast Furnace
43:40 Plate Barding Armor
42:31 Hussar
46:06 Pikeman
47:10 Squires
46:56 Gambesons
46:56 Arson
46:51 Halberdier
54:01 Scale Mail Armor
55:52 Crop Rotation
56:45 Chain Mail Armor
Leobossy
2:51 Loom
22:42 Feudal Age
35:06 Horse Collar
44:36 Castle Age
44:40 Elite Skirmisher
45:59 Heavy Plow
47:09 Padded Archer Armor
47:25 Fletching
48:30 Wheelbarrow
48:28 Bodkin Arrow
49:19 Double-Bit Axe
rikardo_latino
0:28 Loom
11:26 Feudal Age
21:36 Castle Age
30:27 Gold Mining
33:13 Wheelbarrow
33:46 Double-Bit Axe
36:44 Town Watch
38:30 Redemption
38:37 Horse Collar
40:45 Padded Archer Armor
42:06 Hand Cart
43:33 Leather Archer Armor
45:00 Husbandry
48:48 Imperial Age
48:28 Bloodlines
48:04 Light Cavalry
49:17 Scale Barding Armor
49:23 Forging
49:04 Fletching
48:57 Capped Ram
50:06 Hussar
51:52 Ring Archer Armor
51:43 Chain Barding Armor
51:59 Iron Casting
52:18 Bow Saw
52:57 Conscription
52:38 Elite Conquistador
55:15 Plate Barding Armor
57:50 Blast Furnace
Thanos 2022
6:59 Loom
9:16 Feudal Age
10:15 Double-Bit Axe
21:36 Castle Age
20:21 Scale Barding Armor
20:29 Bloodlines
21:50 Light Cavalry
29:23 Chain Barding Armor
30:18 Husbandry
31:38 Bow Saw
31:13 Horse Collar
32:42 Heavy Plow
33:19 Wheelbarrow
34:51 Town Watch
40:20 Imperial Age
38:07 Hand Cart
39:10 Gold Mining
39:11 Stone Mining
40:22 Cavalier
41:39 Plate Barding Armor
41:58 Crop Rotation
42:10 Gold Shaft Mining
42:17 Paladin
43:31 Caravan
44:02 Coinage
44:39 Conscription
48:46 Two-Man Saw
47:51 Capped Ram
51:33 Banking
55:14 Chemistry
54:35 Ballistics
54:06 Fletching
atchoubaka
6:32 Loom
10:19 Feudal Age
22:33 Castle Age
22:53 Crossbowman
23:24 Fletching
25:29 Double-Bit Axe
27:05 Bow Saw
27:48 Bodkin Arrow
27:56 Padded Archer Armor
31:24 Wheelbarrow
33:19 Hand Cart
34:04 Ballistics
35:27 Horse Collar
36:38 Leather Archer Armor
40:54 Imperial Age
39:22 Town Watch
41:09 Yeomen
41:10 Gold Mining
41:26 Heavy Plow
41:46 Bracer
43:02 Chemistry
42:01 Arbalester
45:35 Ring Archer Armor
55:01 Elite Skirmisher
Msp
6:03 Loom
6:48 Loom
9:19 Feudal Age
9:59 Double-Bit Axe
17:46 Forging
17:45 Horse Collar
18:50 Scale Barding Armor
24:28 Castle Age
23:31 Bloodlines
23:50 Gold Mining
25:13 Husbandry
27:53 Chain Barding Armor
31:38 Wheelbarrow
34:06 Bow Saw
33:58 Heavy Plow
36:38 Hand Cart
40:38 Imperial Age
38:29 Stone Mining
40:13 Iron Casting
39:49 Town Watch
40:57 Cavalier
42:13 Plate Barding Armor
42:27 Crop Rotation
43:58 Blast Furnace
43:09 Elite Battle Elephant
44:54 Conscription
44:35 Tusk Swords
45:09 Fletching
48:55 Light Cavalry
53:39 Scale Mail Armor
53:23 Hussar
Daniel Chassagnez
6:15 Loom
9:10 Feudal Age
9:40 Double-Bit Axe
15:50 Forging
16:33 Town Watch
18:42 Wheelbarrow
19:07 Scale Barding Armor
25:51 Castle Age
25:02 Gold Mining
25:54 Light Cavalry
26:30 Fletching
27:44 Chain Barding Armor
28:20 Iron Casting
31:50 Bow Saw
33:45 Husbandry
37:29 Gold Shaft Mining
38:53 Hand Cart
44:34 Imperial Age
46:10 Plate Barding Armor
45:09 Cavalier
49:07 Ballistics
48:46 Bodkin Arrow
49:30 Iron Casting
49:40 Stone Mining
51:06 Scale Mail Armor
52:24 Chain Mail Armor
51:38 Pikeman
52:19 Squires
AOKI_Shogi
5:27 Loom
15:42 Feudal Age
17:10 Wheelbarrow
19:26 Double-Bit Axe
19:59 Fletching
21:05 Town Watch
21:38 Horse Collar
25:48 Padded Archer Armor
31:52 Castle Age
30:38 Gold Mining
31:55 Crossbowman
32:30 Bodkin Arrow
32:48 Bow Saw
33:34 Hand Cart
34:23 Leather Archer Armor
34:45 Ballistics
35:05 Stone Mining
35:21 Heavy Plow
42:26 Imperial Age
42:02 Guard Tower
42:32 Arbalester
43:20 Bracer
43:45 Thumb Ring
45:07 Chemistry
45:05 Ring Archer Armor
46:39 Keep
47:03 Arrowslits
47:22 Yasama
50:46 Pikeman
51:26 Halberdier
52:14 Scale Mail Armor
53:27 Forging
55:24 Chain Mail Armor
56:23 Iron Casting
Connection lost

Rejoining the realm…

Still unreachable

The connection could not be restored.

Session expired

The server has moved on; the page needs a fresh start.